 Dungeon Crawl Stone Soup version 0.25.1-2-g60ff931df9 (webtiles) character file.

Game seed: 6821304538150364267

2684 GeoCrane the Fighter (level 9, -3/86 HPs)
             Began as a Minotaur Fighter on Aug 16, 2020.
             Was a Priest of Okawaru.
             Slain by a two-headed ogre
             ... wielding a +0 giant club
              (17 damage)
             ... on level 8 of the Dungeon.
             The game lasted 02:00:44 (9040 turns).

GeoCrane the Fighter (Minotaur Fighter)             Turns: 9040, Time: 02:00:45

Health: -3/86      AC:  7    Str: 22    XL:     9   Next: 37%
Magic:  8/8        EV:  7    Int:  6    God:    Okawaru [***...]
Gold:   316        SH: 11    Dex: 11    Spells: 8/8 levels left

rFire    . . .     SeeInvis .   M - +5 short sword
rCold    . . .     Gourm    .   d - +2 kite shield
rNeg     . . .     Faith    .   x - +0 scale mail
rPois    .         Spirit   .   (helmet restricted)
rElec    .         Reflect  .   (no cloak)
rCorr    .         Harm     .   (no gloves)
MR       .....                  (no boots)
Stlth    ..........             (no amulet)
HPRegen  0.24/turn              (no ring)
MPRegen  0.11/turn              (no ring)

@: no status effects
A: retaliatory headbutt, horns 2
a: Heroism, Renounce Religion


You were on level 8 of the Dungeon.
You worshipped Okawaru.
Okawaru was most pleased with you.
You were not hungry.

You visited 1 branch of the dungeon, and saw 8 of its levels.
You also visited: Ossuary.

You collected 316 gold pieces.

Inventory:

Hand Weapons
 a - a +0 long sword
 b - a +0 dagger of freezing
 l - a +1 short sword of distortion
 G - a +3 trident of freezing
 H - a +4 battleaxe
 M - a +5 short sword (weapon)
 N - a +3 dire flail
Missiles
 c - 7 poisoned darts
 k - 4 datura-tipped darts
 v - 4 curare-tipped darts (quivered)
 F - 3 boomerangs of dispersal
Armour
 d - a +2 kite shield (worn)
 x - a +0 scale mail (worn)
 J - a +2 robe
Jewellery
 h - an uncursed ring of protection from fire
 q - a cursed ring of teleportation
 y - an uncursed ring of poison resistance
 B - an uncursed ring of see invisible
 C - a +6 ring of dexterity
 E - an uncursed amulet of guardian spirit
Wands
 D - a wand of flame (11)
Scrolls
 g - a scroll of fog
 j - a scroll of amnesia
 p - a scroll of holy word {unknown}
 r - 2 scrolls of teleportation
 s - 2 scrolls of magic mapping
 u - 4 scrolls of remove curse
Potions
 e - 4 potions of might
 i - a potion of haste {unknown}
 m - 2 potions of heal wounds {unknown}
 n - 5 potions of flight {unknown}
 o - 2 potions of curing
 w - a potion of brilliance {unknown}
 z - a potion of resistance {unknown}
 A - a potion of mutation
 I - a potion of magic
 K - a potion of lignification
Comestibles
 f - 7 rations


   Skills:
 - Level 10.8 Fighting
 + Level 10.0(10.1) Short Blades
 - Level 2.8(7.5) Long Blades
 - Level 3.9 Armour
 - Level 4.2 Shields


You had 8 spell levels left.
You didn't know any spells.
Your spell library contained the following spells:

 Spells                   Type           Power        Failure   Level  Hunger
 Sting                    Tmut/Pois      #...         99%         1    ##.....
 Poisonous Vapours        Pois/Air       #.....       100%        2    ###....
 Ignite Poison            Fire/Tmut/Pois #.......     100%        3    ####...
 Mephitic Cloud           Conj/Pois/Air  #.......     100%        3    ####...
 Olgreb's Toxic Radiance  Pois           #.......     100%        4    #####..


Dungeon Overview and Level Annotations

Branches:
Dungeon (8/15)             Temple (0/1) D:4         Ossuary (visited)
   Lair: D:8-11

Altars:
Ashenzari
Gozag
Kikubaaqudgha
Okawaru
Qazlal
Ru
Trog
Wu Jian
Xom

Annotations:
D:5 2 transporters, TheNamelessOne's ghost, novice FoFi
D:6 Harold


Innate Abilities, Weirdness & Mutations

You reflexively headbutt those who attack you in melee.
You have a pair of horns on your head.


Message History

The two-headed ogre hits you with a +0 giant spiked club.
* * * LOW HITPOINT WARNING * * *
You are too injured to fight recklessly!
You are too injured to fight recklessly!
You hit the two-headed ogre.
The two-headed ogre is lightly wounded.
You puncture the two-headed ogre!
You headbutt the two-headed ogre, but do no damage.
The two-headed ogre is moderately wounded.
The two-headed ogre hits you with a +0 giant club!!
* * * LOW HITPOINT WARNING * * *
The two-headed ogre hits you with a +0 giant spiked club.
* * * LOW HITPOINT WARNING * * *
You hit the two-headed ogre but do no damage.
The two-headed ogre is moderately wounded.
You hit the two-headed ogre.
The two-headed ogre is moderately wounded.
You block the two-headed ogre's attack.
The two-headed ogre hits you with a +0 giant spiked club!
You die...

#......#
##......#
........##
##.......##
#........>#
#.........#
#.....O...#
#......@..#
#.........#
#...>....)#
..........#
#.........#
#.........#
#.[.......#
##.......##


You could see a two-headed ogre.

Vanquished Creatures
  A hippogriff (D:7)
  A wraith (Ossuary)
  An orc warrior (D:6)
  An ice beast (D:6)
  3 phantoms (D:6)
  An ogre (D:6)
  A big kobold (D:7)
  2 bullfrogs (D:7)
  Dowan (D:6)
  11 wights (D:6)
  3 howler monkeys
  3 crimson imps
  2 bullfrog zombies
  2 hounds
  A centaur skeleton (D:7)
  5 orc priests
  A jelly (D:7)
  5 orc wizards
  4 worker ants
  A hound zombie (D:7)
  A hound skeleton (D:5)
  3 mummies (Ossuary)
  7 adders
  An adder zombie (D:5)
  2 worms
  An adder skeleton (D:8)
  3 dart slugs
  5 leopard geckos
  17 orcs
  4 ball pythons
  5 bats
  5 giant cockroaches
  6 goblins
  7 hobgoblins
  7 jackals
  17 kobolds
  4 quokkas
  7 frilled lizards
  3 goblin zombies (Ossuary)
  3 hobgoblin zombies (Ossuary)
  4 kobold zombies (Ossuary)
  An orc zombie (Ossuary)
  A quokka skeleton (D:7)
  10 rats
174 creatures vanquished.

Vanquished Creatures (collateral kills)
  Duvessa (D:6)
  3 orcs (D:6)
4 creatures vanquished.

Grand Total: 178 creatures vanquished

Notes
Turn   | Place    | Note
-------+----------+-------------------------------------------
     0 | D:1      | GeoCrane the Minotaur Fighter began the quest for the Orb.
     0 | D:1      | Reached XP level 1. HP: 19/19 MP: 0/0
   296 | D:1      | Reached XP level 2. HP: 27/27 MP: 1/1
   882 | D:1      | Reached XP level 3. HP: 33/33 MP: 2/2
  1093 | D:2      | Reached skill level 1 in Short Blades
  1317 | D:2      | Reached XP level 4. HP: 9/41 MP: 3/3
  1834 | D:2      | Found a bloodstained altar of Trog.
  2125 | D:3      | Reached skill level 5 in Fighting
  2135 | D:3      | Reached XP level 5. HP: 22/48 MP: 4/4
  2448 | D:3      | Found an iron altar of Okawaru.
  2454 | D:3      | Became a worshipper of Warmaster Okawaru
  2564 | D:3      | Found a shimmering altar of Xom.
  2722 | D:3      | Found an opulent altar of Gozag.
  3264 | D:4      | Reached XP level 6. HP: 50/57 MP: 5/5
  3668 | D:4      | Found a staircase to the Ecumenical Temple.
  4008 | D:5      | Entered Level 5 of the Dungeon
  4008 | D:5      | Found a sand-covered staircase.
  4018 | Ossuary  | Entered an ossuary
  4018 | Ossuary  | Noticed a wraith
  4018 | Ossuary  | Noticed a wraith
  4018 | Ossuary  | Noticed a wraith
  4097 | Ossuary  | Noticed a wraith
  4112 | Ossuary  | Killed a wraith
  4112 | Ossuary  | Reached * piety under Okawaru
  4112 | Ossuary  | Reached skill level 5 in Short Blades
  4112 | Ossuary  | Reached XP level 7. HP: 13/66 MP: 6/6
  5003 | D:5      | Noticed TheNamelessOne's ghost (novice FoFi)
  5011 | D:5      | Found a transporter.
  5037 | D:5      | Found a transporter.
  5684 | D:6      | Reached ** piety under Okawaru
  5686 | D:6      | Reached XP level 8. HP: 56/75 MP: 7/7
  5879 | D:6      | Found an ornate altar of the Wu Jian Council.
  6379 | D:6      | Found a shattered altar of Ashenzari.
  6609 | D:6      | Noticed Duvessa
  6611 | D:6      | Killed Duvessa
  6647 | D:6      | Noticed Dowan
  6670 | D:6      | Killed Dowan
  7115 | D:6      | Reached *** piety under Okawaru
  7196 | D:6      | Reached skill level 10 in Fighting
  7318 | D:6      | Found a stormy altar of Qazlal.
  7367 | D:6      | Found a sacrificial altar of Ru.
  7480 | D:6      | Found a bloodstained altar of Trog.
  7566 | D:6      | Reached XP level 9. HP: 73/86 MP: 8/8
  8062 | D:7      | Noticed Harold
  8530 | D:7      | Found an ancient bone altar of Kikubaaqudgha.
  8840 | D:7      | Noticed a skeletal warrior
  8849 | D:7      | Reached skill level 10 in Short Blades
  8867 | D:7      | HP: 3/86 [skeletal warrior/+0 war axe (21)]
  9029 | D:8      | Noticed a two-headed ogre
  9040 | D:8      | Slain by a two-headed ogre

Illustrated notes

Levels and vault maps discovered:
D:1:      minmay_arrival_wavy_path, layout_loops_ring
D:2:      layout_rooms, marbit_many_paths
D:3:      cheibrodos_pilgrimage, layout_loops_cross, lemuel_doored_altar,
          lemuel_crystal_altar, overflow_temple_1_default
D:4:      layout_basic, minmay_temple_entry_proselytizer,
          kennysheep_generic_room_10
D:5:      layout_cave_pods, first_ration, gammafunk_ghost_stat_death,
          enter_ossuary_1, chequers_garden, abandoned_shop
D:6:      layout_loops_corners, nicolae_ru_great_annihilating_truth,
          overflow_temple_1_default, kennysheep_little_box, old_standard_altar,
          basic_altar, uniq_duvessa
D:7:      layout_basic, basic_altar, minmay_misc_feat_diagonals, kb_rosetta,
          uniq_pikel, uniq_harold
D:8:      layout_rooms, kennysheep_mini_moat, kennysheep_mini, serial_shops,
          shop, nicolae_shop_waterfront,
          nicolae_shop_temple_entry_statues_fountains, shop_fountains, shop,
          uniq_erica

Skill      XL: |  1  2  3  4  5  6  7  8  9 |
---------------+----------------------------+-----
Shields        | 4 |  4.2
Fighting       | 4 5 6 7 8 10 | 10.8
Short Blades   | 1 2 3 5 6 8 10 | 10.0
Long Blades    | |  2.8
Armour         | |  3.9

Action                   |  1- 3 |  4- 6 |  7- 9 || total
-------------------------+-------+-------+-------++-------
Melee: Long sword        |   107 |   188 |   272 ||   567
       Headbutt          |    14 |    35 |    67 ||   116
       Short sword       |       |       |    46 ||    46
Throw: Dart              |       |       |     8 ||     8
Evoke: Wand              |       |       |     3 ||     3
  Use: Potion            |       |       |     6 ||     6
       Scroll            |       |       |    17 ||    17
 Stab: Paralysed         |       |       |     1 ||     1
  Eat: Chunk             |     1 |     9 |     8 ||    18
       Ration            |       |       |     3 ||     3
Armor: Scale mail        |    58 |    66 |    68 ||   192
Dodge: Dodged            |    37 |    44 |    64 ||   145
Block: Kite shield       |    64 |    77 |   133 ||   274
       Rpst.: Long sword |     6 |     6 |    20 ||    32
